 Dungeon Crawl Stone Soup version 0.20.1-1-g8b1a95d (webtiles) character file.

34 slep the Magician (level 3, 0/25 HPs)
             Began as a Demonspawn Wanderer on Oct 22, 2017.
             Succumbed to an adder's poison
             ... on level 2 of the Dungeon.
             The game lasted 00:07:07 (1105 turns).

slep the Magician (Demonspawn Wanderer)             Turns: 1105, Time: 00:07:07

Health: 0/25       AC:  4    Str: 12    XL:     3   Next: 14%
Magic:  7/7        EV: 12    Int: 14    God:
Gold:   63         SH:  0    Dex: 12    Spells: 8/8 levels left

rFire    + . .     SeeInvis .   e - +0 dagger
rCold    . . .     Gourm    .   (no shield)
rNeg     . . .     Faith    .   g - +1 leather armour {rF+}
rPois    .         Spirit   .   (helmet restricted)
rElec    .         Reflect  .   (no cloak)
rCorr    .         Harm     .   (no gloves)
MR       .....     Rnd*Tele +   (no boots)
Stlth    +.........             (no amulet)
Regen    0.1/turn               m - ring of teleportation (curse)
MPRegen  0.1/turn               (no ring)

@: lethally poisoned (0 -> -5)
A: antennae 1
a: no special abilities


You were on level 2 of the Dungeon.
You were hungry.

You visited 1 branch of the dungeon, and saw 2 of its levels.

You collected 63 gold pieces.

Inventory:

Hand Weapons
 e - a +0 dagger (weapon)
Armour
 d - a +0 robe
 g - a +1 leather armour of fire resistance (worn)
 n - a cursed +0 robe
Jewellery
 m - a cursed ring of teleportation (left hand)
Scrolls
 i - 4 scrolls of amnesia {unknown}
 j - a scroll of identify {unknown}
 k - a scroll of enchant armour {unknown}
 p - 2 scrolls of remove curse {unknown}
Potions
 b - 2 potions of lignification
 l - 2 potions of heal wounds {unknown}
 o - a potion of cancellation
 q - 2 potions of brilliance {unknown}
Books
 a - a book of Minor Magic

   Spells                             Type                      Level
   a - Magic Dart                     Conjuration                  1
   b - Blink                          Translocation                2
   c - Call Imp                       Summoning                    2
   d - Slow                           Hexes                        2
   e - Conjure Flame                  Conjuration/Fire             3
   f - Mephitic Cloud                 Conjuration/Poison/Air       3
Comestibles
 f - a bread ration
 h - a meat ration


   Skills:
 + Level 0.6 Fighting
 + Level 0.5 Short Blades
   Level 1.0 Staves
 + Level 1.0 Throwing
 + Level 1.0 Armour
 + Level 2.1 Dodging
 + Level 3.4 Spellcasting
   Level 1.7 Charms
   Level 1.0 Evocations


You had 8 spell levels left.
You didn't know any spells.

Dungeon Overview and Level Annotations

Branches:
Dungeon (2/15)

Altars:


Innate Abilities, Weirdness & Mutations

You have a pair of small antennae on your head.


Message History

The adder barely misses you.
You feel better. The adder closely misses you. The adder bites you.
You are poisoned.
The adder poisons you!
You hit the adder.
The adder is almost dead.
You feel sick. The adder bites you.
* * * LOW HITPOINT WARNING * * *
You barely miss the adder.
The adder is almost dead.
The adder bites you.
* * * LOW HITPOINT WARNING * * *
You hit the adder.
You kill the adder!
Your Armour skill increases to level 1!
You have reached level 3!
Your experience leads to an increase in your attributes!
Increase (S)trength, (I)ntelligence, or (D)exterity?
You feel stronger.
You die...

...#
######.#.##.....#
...#
##....#.#.##.....#
...#
#...#.#.#[##.....#
...#
#...#.#.#.#......#
...#
#....<......##.......
...#
#...###.###.#########
...# #...'...###.#
...# #...#####...#
...# #...# #@### ####
#...# #.# #...# #.#
#...#####.####.##
#...##..........#
######....#######
#.(........
#.........S
#..........


There were no monsters in sight!

Vanquished Creatures
  A gnoll (D:1)
  An adder (D:2)
  5 bats
  A goblin (D:2)
  4 hobgoblins
  A kobold (D:1)
  A frilled lizard (D:1)
14 creatures vanquished.

Notes
Turn   | Place    | Note
-------+----------+-------------------------------------------
     0 | D:1      | slep the Demonspawn Wanderer began the quest for the Orb.
     0 | D:1      | slep set off with: a book of Minor Magic, a potion of lignification, a potion of curing, a +0 robe, a +0 dagger, a bread ration
     0 | D:1      | Reached XP level 1. HP: 13/13 MP: 4/4
   474 | D:1      | Gained mutation: You have a pair of small antennae on your head. [demonic ancestry]
   474 | D:1      | Reached XP level 2. HP: 13/19 MP: 6/6
  1104 | D:2      | HP: 1/20 [adder (2)]
  1105 | D:2      | Reached skill level 1 in Armour
  1105 | D:2      | Reached XP level 3. HP: 1/25 MP: 7/7
  1105 | D:2      | Succumbed to an adder's poison

Skill      XL: |  1  2 |
---------------+-------+-----
Dodging        | 2 |  2.1
Armour         | 1 |  1.0
Fighting       | |  0.6
Short Blades   | |  0.5
Staves         | |  1.0
Throwing       | |  1.0
Spellcasting   | |  3.4
Charms         | |  1.7
Evocations     | |  1.0

Action                   || total
-------------------------++-------
Melee: Dagger            ||   148
  Use: Potion            ||     2
Armor: Leather armour    ||    50
       Robe              ||     2
Dodge: Dodged            ||   117
